 Dungeon Crawl Stone Soup version 0.30-a0-760-g5a9884bb7c (webtiles) character file.

Game seed: 4543302062974611239

5 mopl the Vexing (level 1, 0/10 HPs)
             Began as a Deep Elf Enchanter on Feb 10, 2023.
             Slain by a kobold
             ... wielding a +0 dagger
              (3 damage)
             ... on level 1 of the Dungeon.
             The game lasted 00:00:32 (120 turns).

mopl the Vexing (Deep Elf Enchanter)                 Turns: 120, Time: 00:00:32

Health: 0/10       AC:  2    Str:  5    XL:     1   Next: 66%
Magic:  6/6        EV: 12    Int: 19    God:
Gold:   0          SH:  5    Dex: 15    Spells: 6/6 levels left

rFire   . . .      SeeInvis .    a - +1 dagger
rCold   . . .      Faith    .    (no shield)
rNeg    . . .      Spirit   .    b - +0 robe
rPois   .          Reflect  +    (no helmet)
rElec   .          Harm     .    (no cloak)
rCorr   .          Rampage  .    (no gloves)
Will    .....                    (no boots)
Stlth   +++                      e - amulet of reflection
HPRegen 0.21/turn                (no ring)
MPRegen 0.10/turn                (no ring)

@: no status effects
A: no striking features
a: no special abilities


You were on level 1 of the Dungeon.
You visited 1 branch of the dungeon, and saw 2 of its levels.

Inventory:

Hand Weapons
 a - a +1 dagger (weapon)
Armour
 b - a +0 robe (worn)
Jewellery
 e - an amulet of reflection (around neck)
Potions
 c - 2 potions of invisibility
 d - a potion of attraction {unknown}


   Skills:
 + Level 1.2 Short Blades
 - Level 2.4 Dodging
 + Level 3.7 Stealth
 + Level 3.1 Spellcasting
 + Level 4.1 Hexes


You had 6 spell levels left.
You didn't know any spells.
Your spell library contained the following spells:

 Spells                   Type           Power      Damage    Failure   Level
 Confusing Touch          Hex            18%        N/A       9%          3
 Tukima's Dance           Hex            18%        N/A       9%          3
 Ensorcelled Hibernation  Hex/Ice        20%        N/A       10%         2
 Dazzling Flash           Conj/Hex       20%        N/A       19%         3


Dungeon Overview and Level Annotations

Branches:
Dungeon (2/15)

Altars:

Annotations:
D:2 Terence


Message History

The kobold attacks as you move away! The kobold hits you with a +0 dagger.
* * * LOW HITPOINT WARNING * * *
The jackal attacks as you move away! You block the jackal's attack.
The jackal attacks as you move away! The jackal bites you.
* * * LOW HITPOINT WARNING * * *
The jackal barely misses you. The jackal misses you.
The jackal attacks as you move away! You block the jackal's attack.
The jackal completely misses you.
A goblin comes into view. It is wielding a +0 club.
You hit the jackal.
The jackal is severely wounded.
You block the jackal's attack. The jackal misses you.
You hit the jackal.
You kill the jackal!
You block the jackal's attack.
You closely miss the jackal. You block the jackal's attack.
You hit the jackal.
The jackal is moderately wounded.
You block the jackal's attack.
You hit the jackal.
The jackal is severely wounded.
The goblin shouts!
You block the jackal's attack.
You hit the jackal. Your punch misses the jackal.
The jackal is almost dead.
The jackal bites you.
* * * LOW HITPOINT WARNING * * *
The jackal misses you.
You hit the jackal.
You kill the jackal!
A frilled lizard comes into view.
The frilled lizard hisses angrily.
You hit the kobold.
The kobold is moderately wounded.
You block the kobold's attack.
You closely miss the kobold.
The kobold is moderately wounded.
A ball python comes into view.
The kobold hits you with a +0 dagger.
You die...

..............##
............†.## #
...............#####.####
....##...l..#............
#### #...#...h....#......
#......Jg###........
.....[###hl)>#......?
....### #K##.##......
.... #@##......... ..#
#.####....... #.# #..#...
..l #.#.#. .g. .# . .....
# ...## .S...


You could see an endoplasm, 2 jackals, a hobgoblin, a goblin, a ball python
(wandering), a kobold and 2 frilled lizards.

Vanquished Creatures
  2 jackals (D:1)
  A kobold (D:1)
  A quokka (D:1)
4 creatures vanquished.

Notes
Turn   | Place    | Note
-------+----------+-------------------------------------------
     0 | D:1      | mopl the Deep Elf Enchanter began the quest for the Orb.
     0 | D:1      | Reached XP level 1. HP: 10/10 MP: 6/6
    26 | D:1      | You fall into a shaft and drop 1 floor!
    49 | D:2      | Noticed Terence
   120 | D:1      | Slain by a kobold

Illustrated notes

Levels and vault maps discovered:
D:1:      erik_arrival_triangle_small, layout_rooms, serial_shops,
          nicolae_shop_crystal
D:2:      layout_loops_cross, uniq_terence

Action                     || total
---------------------------++-------
  Melee: Dagger            ||    16
   Stab: Sleeping          ||     1
 Armour: Robe              ||     2
  Dodge: Dodged            ||    15
  Block: Other             ||    11

Table legend: (Time is in decaauts)
 A = Elapsed time spent in this place.
 B = Non-inter-level travel time spent in this place.
 C = Inter-level travel time spent in this place.
 D = Time resting spent in this place.
 E = Time spent auto-exploring this place.
 F = Levels seen in this place.
 G = Mean time per level.
                   A        B        C        D        E       F      G
               +--------+--------+--------+--------+--------+-----+--------+
         Total |    118 |    118 |      0 |     14 |     43 |   2 |   59.0 |
       Dungeon |    118 |    118 |      0 |     14 |     43 |   2 |   59.0 |
               +--------+--------+--------+--------+--------+-----+--------+

Top non-repeatable levels by time:
     D:1: 81 daAuts
     D:2: 36 daAuts
